 Dungeon Crawl Stone Soup version 0.30.1-9-gdf580d7c3d (webtiles) character file.

Game seed: 13210215764559217464

29187 growler the Stormcaller (level 13, -2/78 HPs)
             Began as a Tengu Air Elementalist on Sept 29, 2023.
             Was a High Priest of Hepliaklqana.
             Slain by a skyshark (6 damage)
             ... on level 4 of the Lair of Beasts on Sept 30, 2023.
             The game lasted 00:48:35 (19587 turns).

growler the Stormcaller (Tengu Air Elementalist)   Turns: 19587, Time: 00:48:36

Health: -2/78      AC:  7    Str:  9    XL:     13   Next: 43%
Magic:  21/32      EV: 18    Int: 21    God:    Hepliaklqana [*****.]
Gold:   1689       SH:  5    Dex: 14    Spells: 9/24 levels left

rFire   . . .        a - +7 Spriggan's Knife {stab, EV+4 Stlth+}
rCold   . . .        (no shield)
rNeg    . . .        J - +2 robe {Will+}
rPois   .            (helmet restricted)
rElec   .            s - +0 cloak
rCorr   .            D - +1 pair of gloves
SInv    .            (boots unavailable)
Will    +....        S - amulet of reflection
Stlth   +++          n - ring of magical power
HPRegen 0.33/turn    (no ring)
MPRegen 0.23/turn

%: reflection
@: flying quickly and evasively, quick
A: reduced essence, beak, talons 3, nimble flight
a: Renounce Religion, Recall Ancestor, Ancestor Identity, Transference, Idealise


You were on level 4 of the Lair of Beasts.
You worshipped Hepliaklqana.
Hepliaklqana was extremely pleased with you.
You visited 3 branches of the dungeon, and saw 16 of its levels.

You collected 1689 gold pieces.

Inventory:

Hand Weapons
 a - the +7 Spriggan's Knife (weapon) {stab, EV+4 Stlth+}
   (You acquired it on level 2 of the Lair of Beasts)

   Stab:      It is more effective when stabbing unaware enemies, sometimes
   treating them as though they were completely helpless.
   EV:        It affects your evasion (+4).
   Stlth:     It makes you more stealthy.
 g - a +2 heavy dagger
Missiles
 c - 3 throwing nets
Armour
 d - a +0 kite shield
 s - a +0 cloak (worn)
 D - a +1 pair of gloves (worn)
 J - a +2 robe of willpower (worn)
Magical Staves
 b - a staff of air
Jewellery
 j - a ring of wizardry
 n - a ring of magical power (left hand)
 Q - a +5 ring of evasion
 S - an amulet of reflection (around neck)
Wands
 G - a wand of flame (44)
 L - a wand of iceblast (8)
 M - a wand of digging (5)
 O - a wand of paralysis (1)
Scrolls
 f - 2 scrolls of vulnerability
 h - 2 scrolls of brand weapon
 k - a scroll of magic mapping
 l - 5 scrolls of silence
 q - 2 scrolls of teleportation
 r - 4 scrolls of amnesia
 u - 3 scrolls of enchant weapon
 v - a scroll of poison {unknown}
 y - 4 scrolls of fog
 F - a scroll of immolation
 I - a scroll of torment
 N - a scroll of enchant armour {unknown}
 P - a scroll of summoning {unknown}
Potions
 e - a potion of invisibility
 i - 6 potions of curing
 o - 7 potions of lignification
 x - 7 potions of attraction
 z - 6 potions of heal wounds
 A - a potion of magic
 E - 3 potions of brilliance
 H - a potion of might
 R - a potion of haste {unknown}


   Skills:
 + Level 12.8 Fighting
 - Level 10.0 Short Blades
 - Level 2.1 Dodging
 - Level 2.0 Stealth
 + Level 4.1 Shields
 - Level 6.0 Spellcasting
 - Level 6.0 Conjurations
 + Level 17.8 Air Magic


You had 9 spell levels left.
You knew the following spells:

 Your Spells              Type           Power      Damage    Failure   Level
a - Shock                 Conj/Air       100%       1d9       1%          1
b - Static Discharge      Conj/Air       100%       2-7/arc   1%          2
c - Swiftness             Air            69%        N/A       1%          3
d - Airstrike             Air            34%        2d(5-21)  1%          4
e - Arcjolt               Conj/Air       27%        1d37      1%          5

Your spell library contained the following spells:

 Spells                   Type           Power      Damage    Failure   Level
 Poisonous Vapours        Pois/Air       86%        N/A       1%          2
 Mephitic Cloud           Conj/Pois/Air  39%        N/A       1%          3
 Vhi's Electric Charge    Tloc/Air       86%        N/A       1%          3
 Summon Lightning Spire   Summ/Air       43%        N/A       2%          4
 Sting                    Tmut/Pois      24%        1d4       10%         1
 Freezing Cloud           Conj/Ice/Air   19%        6-21      11%         5
 Conjure Ball Lightning   Conj/Air       27%        3x3d8     11%         6
 Ignite Poison            Fire/Tmut/Pois 6%         N/A       28%         3
 Volatile Blastmotes      Fire/Tloc      12%        2d11      28%         3
 Fulminant Prism          Conj/Hex       9%         3d7       28%         4
 Iskenderun's Mystic Bla  Conj/Tloc      18%        2d6       28%         4
 Sticky Flame             Conj/Fire      18%        2d4       28%         4
 Plasma Beam              Fire/Air       21%        2x1d36    36%         6
 Maxwell's Capacitive Co  Air            34%        ∞         38%         8
 Leda's Liquefaction      Hex/Erth       3%         N/A       67%         4
 Olgreb's Toxic Radiance  Pois           6%         N/A       67%         4
 Alistair's Intoxication  Tmut/Pois      4%         N/A       95%         5
 Borgnjor's Vile Clutch   Necr/Erth      3%         N/A       95%         5
 Lee's Rapid Deconstruct  Erth           3%         3d5*      95%         5
 Eringya's Noxious Bog    Tmut/Pois      3%         N/A       100%        6
 Statue Form              Tmut/Erth      4%         N/A       100%        6
 Ignition                 Fire           3%         3d4       100%        8
 Chain Lightning          Conj/Air       27%        3d36      100%        9


Dungeon Overview and Level Annotations

Branches:
Dungeon (11/15)            Temple (1/1) D:7            Lair (4/5) D:8
  Swamp (0/4) Lair:2        Snake (0/4) Lair:3          Orc (0/2) D:11
  Slime: Lair:4-5

Altars:
Ashenzari
Cheibriados
Dithmenos
Elyvilon
Fedhas
Gozag
Hepliaklqana
Kikubaaqudgha
Makhleb
Okawaru
Qazlal
Ru
Sif Muna
Trog
Uskayaw
Vehumet
Wu Jian
Xom
Yredelemnul
Zin
The Shining One

Shops:
D:2 =   D:5 [

Annotations:
D:5 2 transporters, rozman's ghost, amateur DECj
Temple 2 transporters
Lair:1 3 runed translucent doors, monsoonserge's ghost, journeyman GrEE


Innate Abilities, Weirdness & Mutations

Your life essence is reduced to manifest your ancestor. (-10% HP)
You have a beak for a mouth.
You have claws for feet.
Your magical nature lets you fly swiftly and evasively.


Message History

Blink to where?
Press: ? - help, Dir - move target
As you read the scroll of blinking, it crumbles to dust.
Aiming: Paralyse
Press: ? - help, Shift-Dir - straight line, f - skyshark
Aim: a skyshark (moderately wounded, berserk, chance to affect: 31%)
The skyshark easily resists.
Magic courses through your body.
Casting: Arcjolt (dangerous; 1% risk of failure)
Confirm with . or Enter, or press ? or * to list all spells.
Aiming: Airstrike (safe; 1% risk of failure)
Press: ? - help, Dir - move target, f/p - skyshark
Aim: a skyshark (moderately wounded, berserk, empty space bonus: 8/8)
The air twists around and strikes the skyshark!!
The skyshark is heavily wounded.
The skyshark bites you!
* * * LOW HITPOINT WARNING * * *
The skyshark completely misses you. The skyshark tail-slaps you!
* * * LOW HITPOINT WARNING * * *
Unknown command.
You feel much better. The skyshark bites you. You block the skyshark's attack.
The skyshark tail-slaps you!
* * * LOW HITPOINT WARNING * * *
The skyshark bites you but does no damage.
The skyshark tail-slaps you.
* * * LOW HITPOINT WARNING * * *
The skyshark tail-slaps you but does no damage.
You feel much better. The skyshark bites you!!
* * * LOW HITPOINT WARNING * * *
The skyshark tail-slaps you but does no damage.
The skyshark tail-slaps you.
* * * LOW HITPOINT WARNING * * *
Unknown command.
The skyshark attacks as you move away! The skyshark closely misses you.
The skyshark tail-slaps you.
* * * LOW HITPOINT WARNING * * *
The skyshark misses you. x2; The skyshark tail-slaps you.
* * * LOW HITPOINT WARNING * * *
The skyshark tail-slaps you.
You die...

#.....#...........
......##..........
...... ##<..P.....
......###.........
.......#.........
. ...............
.......FY....##
.......l....#..
.......@...####
........P###
........##
........#
.........
.........
........#
.........


You could see a skyshark (berserk), an elephant and a cane toad.

Vanquished Creatures
  4 death yaks (Lair:1)
  3 two-headed ogres
  2 skysharks (Lair:2)
  An oklob plant (Lair:2)
  A manticore (D:11)
  2 ugly things
  A cyclops (D:11)
  7 elephants
  A torpor snail (Lair:2)
  4 komodo dragons
  3 cane toads
  A rime drake (Lair:1)
  2 trolls (D:11)
  A tyrant leech (Lair:2)
  A wraith (D:10)
  Sigmund (D:3)
  24 yaks
  3 basilisks (Lair:1)
  4 steam dragons
  3 vampire mosquitoes (D:11)
  3 nagas (Lair:3)
  11 water moccasins
  An acid dragon (D:9)
  3 orc warriors
  A sky beast (D:3)
  6 black bears
  9 wolves
  4 ogres
  4 centaurs
  2 phantoms
  3 kobold brigands
  9 bullfrogs
  5 scorpions
  8 wights
  4 killer bees (D:9)
  7 howler monkeys
  3 hounds
  4 orc priests
  Crazy Yiuf (D:3)
  A gnoll bouda (D:9)
  4 sleepcaps
  5 iguanas
  10 orc wizards
  6 gnolls
  8 adders
  A shadow imp (D:8)
  2 dart slugs
  35 orcs
  9 ball pythons
  4 endoplasms
  2 giant cockroaches
  11 goblins
  6 hobgoblins
  4 jackals (D:4)
  18 kobolds
  4 quokkas
  3 bats
  2 frilled lizards
  6 rats
298 creatures vanquished.

Vanquished Creatures (collateral kills)
  2 death yaks (Lair:1)
  An elephant (Lair:4)
  A torpor snail (Lair:2)
  A komodo dragon (D:8)
  A tyrant leech (Lair:2)
  A shadow (D:11)
  11 yaks
  A basilisk (Lair:1)
  2 water moccasins
  An orc warrior (D:9)
  3 wolves
  A bullfrog (D:8)
  A wight (D:8)
  A gnoll bouda (D:8)
  An orc wizard (D:10)
  A gnoll (D:8)
  2 orcs (D:8)
32 creatures vanquished.

Vanquished Creatures (others)
  2 hexers
  4 ancestors
6 creatures vanquished.

Grand Total: 336 creatures vanquished

Notes
Turn   | Place    | Note
-------+----------+-------------------------------------------
     0 | D:1      | growler the Tengu Air Elementalist began the quest for the
                  | Orb.
     0 | D:1      | Reached XP level 1. HP: 10/10 MP: 4/4
   204 | D:1      | Reached XP level 2. HP: 15/15 MP: 3/6
   339 | D:1      | Learned a level 2 spell: Static Discharge
   713 | D:1      | Reached XP level 3. HP: 19/19 MP: 3/7
   719 | D:1      | Learned a level 3 spell: Swiftness
  1192 | D:2      | Found Qoeqe's Jewellery Shoppe.
  1426 | D:2      | Reached XP level 4. HP: 24/24 MP: 3/9
  1514 | D:2      | Found a faded altar of an unknown god.
  1677 | D:3      | Reached skill level 5 in Air Magic
  1849 | D:3      | Found a runed translucent door.
  1850 | D:3      | Noticed Crazy Yiuf
  2050 | D:3      | Found a hide-covered altar of Uskayaw.
  2179 | D:3      | Found an opulent altar of Gozag.
  2186 | D:3      | Noticed Sigmund
  2212 | D:3      | You fall into a shaft and drop 3 floors!
  2241 | D:6      | Noticed a black bear
  2268 | D:6      | Killed a black bear
  2269 | D:6      | Gained mutation: Your magical nature lets you fly swiftly
                  | and evasively. [Tengu growth]
  2269 | D:6      | Reached XP level 5. HP: 14/28 MP: 2/11
  2274 | D:6      | Learned a level 4 spell: Airstrike
  2344 | D:6      | Noticed an ogre
  2356 | D:6      | Killed an ogre
  2357 | D:6      | Reached skill level 6 in Air Magic
  2357 | D:6      | Reached XP level 6. HP: 31/32 MP: 5/12
  2442 | D:5      | Entered Level 5 of the Dungeon
  2462 | D:5      | Found a transporter.
  2462 | D:5      | Noticed rozman's ghost (amateur DECj)
  2607 | D:5      | Reached skill level 5 in Conjurations
  2680 | D:5      | Reached XP level 7. HP: 18/36 MP: 4/14
  2722 | D:5      | Found a transporter.
  2940 | D:3      | Identified the +0 ring mail "Reat Liw" {rF++ Str+2 Int-4
                  | SInv}
  3187 | D:3      | Killed Sigmund
  3188 | D:3      | Reached skill level 7 in Air Magic
  3742 | D:3      | Killed Crazy Yiuf
  3858 | D:4      | Found a shimmering blue altar of Sif Muna.
  3967 | D:4      | Identified the +8 hand axe of the Forsaken Gods {heavy,
                  | rElec rN+ Dex+3}
  4142 | D:4      | Reached skill level 1 in Fighting
  4142 | D:4      | Reached skill level 5 in Spellcasting
  4144 | D:4      | Reached XP level 8. HP: 43/43 MP: 8/16
  4309 | D:4      | Found a broken altar of Ashenzari.
  4559 | D:4      | Reached skill level 8 in Air Magic
  5042 | D:4      | Found an ornate altar of the Wu Jian Council.
  5806 | D:5      | Reached skill level 9 in Air Magic
  5902 | D:5      | Reached XP level 9. HP: 52/52 MP: 6/19
  6074 | D:5      | Found a sacrificial altar of Ru.
  6121 | D:5      | Reached skill level 1 in Short Blades
  6325 | D:5      | Found Varaeleo's Armour Shop.
  6541 | D:6      | Reached skill level 10 in Air Magic
  6714 | D:6      | Reached skill level 5 in Fighting
  7417 | D:7      | Found a staircase to the Ecumenical Temple.
  7425 | Temple   | Entered the Ecumenical Temple
  7425 | Temple   | Found a transporter.
  7425 | Temple   | Found a transporter.
  7427 | Temple   | Found a transporter.
  7427 | Temple   | Found a transporter.
  7442 | Temple   | Became a worshipper of Hepliaklqana the Forgotten
  7778 | D:7      | Found a stormy altar of Qazlal.
  8157 | D:7      | Reached * piety under Hepliaklqana
  8601 | D:8      | Reached skill level 11 in Air Magic
  8674 | D:8      | Found a glowing golden altar of the Shining One.
  8713 | D:8      | Noticed a komodo dragon
  8863 | D:8      | Reached XP level 10. HP: 45/54 MP: 7/20
  9054 | D:8      | Reached skill level 5 in Short Blades
  9684 | D:8      | Reached skill level 12 in Air Magic
  9888 | D:8      | Found a staircase to the Lair.
 10357 | D:9      | Noticed a two-headed ogre
 10369 | D:8      | Killed a two-headed ogre
 10534 | D:9      | Noticed a white ugly thing
 10541 | D:9      | Killed a white ugly thing
 10728 | D:9      | Noticed a two-headed ogre
 10751 | D:8      | Killed a two-headed ogre
 10752 | D:8      | Reached skill level 13 in Air Magic
 10752 | D:8      | Reached XP level 11. HP: 52/62 MP: 14/21
 11230 | D:9      | Reached ** piety under Hepliaklqana
 11390 | D:9      | Found a blossoming altar of Fedhas.
 11562 | D:9      | Remembered your ancestor Reggie B. as a hexer
 11564 | D:10     | Entered Level 10 of the Dungeon
 11675 | D:10     | Found an ancient bone altar of Kikubaaqudgha.
 11888 | D:10     | Found a burning altar of Makhleb.
 12258 | D:10     | Reached *** piety under Hepliaklqana
 12488 | D:11     | Noticed a white ugly thing
 12492 | D:11     | Killed a white ugly thing
 12671 | D:11     | Noticed a cyclops
 12673 | D:11     | Killed a cyclops
 12980 | D:11     | Found a staircase to the Orcish Mines.
 12987 | D:11     | Noticed a two-headed ogre
 12990 | D:11     | Killed a two-headed ogre
 13108 | D:11     | Noticed a manticore
 13111 | D:11     | Killed a manticore
 13112 | D:11     | Reached skill level 14 in Air Magic
 13719 | Lair:1   | Entered Level 1 of the Lair of Beasts
 13998 | Lair:1   | Reached **** piety under Hepliaklqana
 14266 | Lair:1   | Noticed monsoonserge's ghost (journeyman GrEE)
 14320 | Lair:1   | Found a runed translucent gate.
 14320 | Lair:1   | Found a runed translucent gate.
 14320 | Lair:1   | Found a runed translucent gate.
 14369 | Lair:1   | Noticed a death yak
 14370 | Lair:1   | Noticed a death yak
 14371 | Lair:1   | Noticed a death yak
 14372 | Lair:1   | Noticed a death yak
 14372 | Lair:1   | Noticed a death yak
 14372 | Lair:1   | Noticed a death yak
 14444 | Lair:1   | Killed a death yak
 14445 | Lair:1   | Reached skill level 10 in Fighting
 14445 | Lair:1   | Reached XP level 12. HP: 69/69 MP: 18/22
 15032 | Lair:1   | Reached skill level 10 in Short Blades
 15032 | Lair:1   | Reached skill level 15 in Air Magic
 15266 | Lair:1   | Killed a death yak
 15269 | Lair:1   | Killed a death yak
 15381 | Lair:1   | Killed a death yak
 15406 | Lair:1   | Killed a death yak
 15457 | Lair:1   | Killed a death yak
 15839 | Lair:2   | Noticed a skyshark
 15843 | Lair:2   | Killed a skyshark
 15969 | Lair:2   | Reached skill level 16 in Air Magic
 16287 | Lair:2   | Found a staircase to the Swamp.
 16446 | Lair:2   | Noticed a skyshark
 16465 | Lair:2   | Killed a skyshark
 17549 | Lair:2   | Found a snail-covered altar of Cheibriados.
 17556 | Lair:2   | Reached skill level 17 in Air Magic
 18015 | Lair:2   | Identified 4 scrolls of acquirement
 18015 | Lair:2   | Acquired the Compendium of the Unemployed Unperson
 18135 | Lair:2   | Acquired a book of Lightning
 18143 | Lair:2   | Learned a level 5 spell: Arcjolt
 18149 | Lair:2   | Acquired 730 gold pieces
 18156 | Lair:2   | Acquired the +7 Spriggan's Knife {stab, EV+4 Stlth+}
 18156 | Lair:2   | Found the +7 Spriggan's Knife {stab, EV+4 Stlth+}
 18168 | Lair:3   | Reached skill level 1 in Shields
 18168 | Lair:3   | Reached XP level 13. HP: 54/77 MP: 21/23
 18572 | Lair:3   | Found a staircase to the Snake Pit.
 19206 | Lair:3   | Reached ***** piety under Hepliaklqana
 19587 | Lair:4   | Slain by a skyshark

Illustrated notes

Levels and vault maps discovered:
D:1:      heliophobic_arrival_enchanted_forest, layout_rooms, feat_on_display
D:2:      layout_rooms, serial_shops, shop, chequers_ecumenical_altar_lobes
D:3:      layout_basic, lemuel_doored_altar, nicolae_gozag_seed_capital,
          kennysheep_generic_room_5, uniq_sigmund, uniq_crazy_yiuf_cottage
D:4:      layout_layer_cave, nicolae_wu_jian_immortal_techniques,
          kennysheep_mini, mainiacjoe_overflow_cross_hatched
D:5:      layout_basic, lemuel_tele_altar, gammafunk_ghost_arena, serial_shops,
          nicolae_square_shop, st_stairs_11
D:6:      layout_rooms
D:7:      layout_cave_pods, mainiacjoe_overflow_catwalk,
          minmay_temple_entry_junction
D:8:      layout_basic, tso_altar, due_lair_maze_entry_diamond
D:9:      layout_cave_pools, fedhas_altar_4, minmay_fractal_squares_5
D:10:     layout_long_grid, bloody_makhleb, mainiacjoe_overflow_24_doors
D:11:     layout_stronghold, orc_0_dummy
Temple:   hellmonk_temple_divided_pantheon
Lair:1:   layout_cave_pods, gammafunk_ghost_split
Lair:2:   layout_big_grid, minmay_swamp_entry_worms, minmay_lair_oklob_items,
          serial_bayou_pond_c, kennysheep_snail_temple
Lair:3:   layout_hall_layers, minmay_snake_entry_guardpost_small
Lair:4:   layout_cave_shapes, slime_entry_2, gauntlet_entry_generic

Skill      XL: |  1  2  3  4  5  6  7  8  9 10 11 12 13 |
---------------+----------------------------------------+-----
Conjurations   | 2 3 4 5 6 |  6.0
Air Magic      | 5 6 7 9 11 13 14 17 | 17.8
Spellcasting   | 3 4 5 6 |  6.0
Fighting       | 1 4 6 8 10 12 | 12.8
Short Blades   | 4 7 9 10 | 10.0
Shields        | 1 4 |  4.1
Dodging        | |  2.1
Stealth        | |  2.0

Action                     |  1- 3 |  4- 6 |  7- 9 | 10-12 | 13-15 || total
---------------------------+-------+-------+-------+-------+-------++-------
  Melee: Dagger            |     4 |     9 |    54 |    10 |       ||    77
         Peck              |     1 |     1 |    15 |     6 |    13 ||    36
         Kick              |       |     1 |    16 |    13 |    19 ||    49
         Staff             |       |       |     2 |    15 |     3 ||    20
         Punch             |       |       |       |     1 |       ||     1
         Knife             |       |       |       |       |    41 ||    41
   Cast: Shock             |    77 |    45 |   169 |     4 |       ||   295
         Static Discharge  |       |     8 |    13 |    31 |       ||    52
         Airstrike         |       |     1 |    41 |   248 |    44 ||   334
         Arcjolt           |       |       |       |     2 |     7 ||     9
 Invoke: Ancestor Identity |       |       |     1 |       |       ||     1
         Recall Ancestor   |       |       |       |     3 |     1 ||     4
         Ancestor Life: He |       |       |       |     1 |       ||     1
  Evoke: Wand              |       |       |       |       |     1 ||     1
    Use: Scroll            |       |       |     2 |    22 |     1 ||    25
         Potion            |       |       |       |       |     3 ||     3
   Stab: Sleeping          |       |       |       |     1 |       ||     1
         Distracted        |       |       |       |       |     3 ||     3
         Confused          |       |       |       |       |     2 ||     2
 Armour: Robe              |       |     2 |    10 |    12 |     9 ||    33
  Dodge: Dodged            |     3 |    12 |    43 |    55 |    33 ||   146
  Block: Other             |       |       |       |       |    10 ||    10
